 Dungeon Crawl Stone Soup version 0.30-a0-169-g06f667207d (webtiles) character file.

Game seed: 2178882985546832902

25847 qw the Cleaver (level 13, -5/82 HPs)
             Began as a Gargoyle Fighter on Sept 29, 2022.
             Was a High Priest of Okawaru.
             Slain by a seven-headed hydra (11 damage)
             ... on level 5 of the Lair of Beasts.
             The game lasted 00:05:10 (13542 turns).

qw the Cleaver (Gargoyle Fighter)                  Turns: 13542, Time: 00:05:10

Health: -5/82      AC: 45    Str: 29    XL:     13   Next: 22%
Magic:  15/20      EV:  8    Int:  8    God:    Okawaru [*****.]
Gold:   1149       SH:  6    Dex:  8    Spells: 12/12 levels left

rFire   . . .      SeeInvis +    l - -2 demon whip (venom)
rCold   + . .      Faith    .    c - +0 buckler
rNeg    + . .      Spirit   .    v - +6 crystal plate armour of the Devil's Advocate {Will+ rCorr Stlth+}
rPois   inf        Reflect  .    (no helmet)
rElec   +          Harm     .    t - +0 cloak
rCorr   +          Rampage  .    p - +1 pair of gloves
Will    +....                    f - +0 pair of boots
Stlth   ..........               q - amulet of the acrobat
HPRegen 0.23/turn                j - ring of see invisible
MPRegen 0.17/turn                m - ring of protection from cold

@: about to teleport, heroic, finesse-ful
A: sickness immunity, AC +9, negative energy resistance 1, electricity
resistance, torment resistance 1, petrification resistance, strong 1
a: Renounce Religion, Heroism, Finesse, Duel


You were on level 5 of the Lair of Beasts.
You worshipped Okawaru.
Okawaru was extremely pleased with you.
You visited 3 branches of the dungeon, and saw 15 of its levels.

You collected 1829 gold pieces.
You spent 680 gold pieces at shops.


Innate Abilities, Weirdness & Mutations

You are immune to sickness and miasma.
Your stone body is resilient. (AC +9)
You are immune to poison.
You resist negative energy. (rN+)
You are resistant to electric shocks. (rElec)
You are resistant to unholy torment.
You are immune to petrification.
Your muscles are strong. (Str +4, Int/Dex -1)


   Skills:
 - Level 10.0(15.0) Fighting
 + Level 12.8(17.8) Axes
 - Level 4.8(9.8) Throwing
 - Level 11.0(16.0) Armour
 - Level 1.4(6.4) Dodging
 - Level 6.0(11.0) Shields
 - Level 10.0 Invocations


You had 12 spell levels left.
You didn't know any spells.
Your spell library was empty.

Inventory:

Hand Weapons
 l - a -2 demon whip of venom (weapon)
 Y - a +2 broad axe of venom
Missiles
 b - 5 boomerangs (quivered)
Armour
 c - a +0 buckler (worn)
 f - a +0 pair of boots (worn)
 p - a +1 pair of gloves (worn)
 t - a +0 cloak (worn)
 v - the +6 crystal plate armour of the Devil's Advocate (worn) {Will+ rCorr Stlth+}
   (You acquired it on level 4 of the Dungeon)

   rCorr:     It protects you from acid and corrosion.
   Will:      It increases your willpower.
   Stlth:     It makes you more stealthy.
Jewellery
 j - a ring of see invisible (left hand)
 m - a ring of protection from cold (right hand)
 q - an amulet of the acrobat (around neck)
 w - a ring of ice
Scrolls
 e - 6 scrolls of teleportation
 s - 3 scrolls of identify
Potions
 a - 4 potions of mutation
 d - 4 potions of might
 g - 2 potions of heal wounds
 h - 4 potions of lignification
 i - 2 potions of resistance
 k - 6 potions of haste
 o - a potion of attraction
 r - a potion of cancellation
 u - 11 potions of curing

Dungeon Overview and Level Annotations

Branches:
Dungeon (9/15)             Temple (1/1) D:4            Lair (4/5) D:9
  Swamp (0/4) Lair:3        Snake (0/4) Lair:2        Slime (0/5) Lair:4
    Orc: D:9-12

Altars:
Ashenzari
Cheibriados
Dithmenos
Elyvilon
Fedhas
Gozag
Hepliaklqana
Kikubaaqudgha
Makhleb
Nemelex Xobeh
Okawaru
Qazlal
Ru
Sif Muna
Trog
Uskayaw
Vehumet
Wu Jian
Xom
Yredelemnul
Zin
The Shining One

Shops:
D:2 =   D:5 !   D:8 (

Annotations:
D:4 1 runed translucent door, Crazy Yiuf
Lair:3 2 transporters


Message History

The seven-headed hydra bites you but does no damage. x3
You hit the seven-headed hydra but do no damage.
You hit the seven-headed hydra.
The seven-headed hydra is lightly wounded.
The water moccasin bites you but does no damage.
You whack the seven-headed hydra!
The seven-headed hydra is moderately wounded.
You hit the seven-headed hydra.
The seven-headed hydra is moderately wounded.
The seven-headed hydra bites you but does no damage. x3
The seven-headed hydra bites you.
You block the seven-headed hydra's attack.
The seven-headed hydra bites you but does no damage. x2
The water moccasin closely misses you.
You thrash the seven-headed hydra!!
The seven-headed hydra is heavily wounded.
You whack the seven-headed hydra!
The seven-headed hydra is poisoned.
The seven-headed hydra is severely wounded.
You whack the seven-headed hydra!
The seven-headed hydra is almost dead.
The water moccasin bites you but does no damage.
You block the seven-headed hydra's attack.
The seven-headed hydra bites you.
You block the seven-headed hydra's attack.
The seven-headed hydra bites you but does no damage.
The seven-headed hydra bites you.
The seven-headed hydra bites you but does no damage.
The seven-headed hydra bites you.
13542 ||| READING 7 scrolls of teleportation.
As you read the scroll of teleportation, it crumbles to dust.
You feel strangely unstable. You block the water moccasin's attack.
The polar bear bites you but does no damage.
The polar bear claws you but does no damage.
You block the polar bear's attack. The seven-headed hydra bites you.
The seven-headed hydra barely misses you.
The seven-headed hydra bites you but does no damage. x2
You block the seven-headed hydra's attack.
The seven-headed hydra bites you!
You die...

### #@#
#..SDh......
##....#.....
......# ....
.......# ...
#..##.....
.. )..
..#P#. . ..
#.#####.


You could see a seven-headed hydra (very poisoned), a polar bear and a water
moccasin.

Vanquished Creatures
  Erolcha (D:9)
  2 hydras (Lair:3)
  A boulder beetle (Lair:2)
  2 two-headed ogres
  Amaemon (D:9)
  Pikel (D:5)
  A lindwurm (Lair:5)
  4 black mambas
  An orange demon (D:9)
  A torpor snail (Lair:5)
  6 cane toads
  2 rime drakes (Lair:2)
  4 komodo dragons
  5 polar bears
  A troll (D:9)
  A hornet (Lair:5)
  A tyrant leech (Lair:5)
  Grinder (D:6)
  10 blink frogs
  A slime creature (Lair:4)
  31 yaks
  8 wyverns
  3 basilisks
  5 steam dragons
  2 nagas (Lair:2)
  An acid dragon (D:8)
  12 water moccasins
  An ice beast (D:6)
  5 black bears
  2 sky beasts
  7 wolves
  2 ogres
  3 centaurs
  A phantom (D:7)
  3 kobold brigands
  7 bullfrogs
  2 gnoll sergeants
  A scorpion (D:7)
  4 wights (D:7)
  A howler monkey (D:5)
  A hound (D:7)
  2 jellies
  3 orc priests
  3 gnoll boudas
  Jessica (D:2)
  3 iguanas
  9 orc wizards
  19 gnolls
  7 adders
  A shadow imp (D:6)
  An ufetubus (D:5)
  2 worms
  5 dart slugs
  11 orcs
  8 ball pythons
  5 endoplasms
  7 giant cockroaches
  5 goblins
  4 hobgoblins
  7 jackals
  13 kobolds
  4 quokkas
  5 bats
  4 frilled lizards
  7 rats
285 creatures vanquished.

Vanquished Creatures (others)
  21 fungi
  48 plants
69 creatures vanquished.

Grand Total: 354 creatures vanquished

Notes
Turn   | Place    | Note
-------+----------+-------------------------------------------
     0 | D:1      | qw the Gargoyle Fighter began the quest for the Orb.
     0 | D:1      | Reached XP level 1. HP: 14/14 MP: 1/1
     0 | D:1      | 0 ||| qw: Version: 0.2-a-12-gaebbb33
     0 | D:1      | 0 ||| qw: Game counter: 1353
     0 | D:1      | 0 ||| qw: Always use a shield: true
     0 | D:1      | 0 ||| qw: God list: Okawaru
     0 | D:1      | 0 ||| qw: Allow faded altars: false
     0 | D:1      | 0 ||| qw: Do Orc after D:15 true
     0 | D:1      | 0 ||| qw: Do second Lair branch before Depths: true
     0 | D:1      | 0 ||| qw: Lair rune preference: random
     0 | D:1      | 0 ||| qw: Plans: Normal, Zot:1-4, God:TSO, Crypt, Tomb,
                  | Pan, Slime:5, Hells, Abyss, Orb
     0 | D:1      | 0 ||| PLANNING D:1-11
    26 | D:1      | Reached skill level 2 in Axes
   223 | D:1      | Reached XP level 2. HP: 19/19 MP: 2/2
   339 | D:1      | 339 ||| Stepping ~*~*~tactically~*~*~ (stealth).
   344 | D:1      | 344 ||| Stepping ~*~*~tactically~*~*~ (hiding).
   372 | D:1      | Reached skill level 3 in Axes
   524 | D:1      | 524 ||| DROPPING +0 club.
   545 | D:1      | Reached XP level 3. HP: 23/23 MP: 3/3
   547 | D:1      | Found a faded altar of an unknown god.
   600 | D:1      | 600 ||| Stepping ~*~*~tactically~*~*~ (hiding).
   839 | D:1      | 839 ||| UPGRADING to +0 pair of boots.
   844 | D:1      | 844 ||| UPGRADING to amulet of guardian spirit.
   849 | D:1      | 849 ||| DROPPING +6 ring of intelligence.
   850 | D:1      | 850 ||| READING scroll labelled YKIAZ LOC MOGGEMN.
   851 | D:1      | 851 ||| READING scroll labelled LALIPY IDEF.
  1017 | D:2      | 1017 ||| Stepping ~*~*~tactically~*~*~ (stealth).
  1021 | D:2      | 1021 ||| Stepping ~*~*~tactically~*~*~ (stealth).
  1022 | D:2      | 1022 ||| Stepping ~*~*~tactically~*~*~ (stealth).
  1036 | D:2      | HP: 3/23 [gnoll/+0 halberd (5)]
  1443 | D:2      | Reached XP level 4. HP: 23/28 MP: 4/4
  1538 | D:2      | Reached skill level 4 in Axes
  1875 | D:2      | Found Niobyot's Jewellery Boutique.
  1882 | D:2      | 1882 ||| SHOPLISTING ring of Coleagoll {rPois Str+4 Int+3
                  | Dex+6} (742 gold, have 89).
  1882 | D:2      | 1882 ||| SHOPLISTING ring of fire (300 gold, have 89).
  1882 | D:2      | 1882 ||| SHOPLISTING ring of see invisible (180 gold, have
                  | 89).
  1882 | D:2      | 1882 ||| SHOPLISTING ring of willpower (300 gold, have 89).
  1887 | D:2      | Noticed Jessica
  1896 | D:2      | Killed Jessica
  1897 | D:2      | Reached XP level 5. HP: 29/32 MP: 5/5
  1926 | D:2      | 1926 ||| Stepping ~*~*~tactically~*~*~ (stealth).
  1927 | D:2      | 1927 ||| Stepping ~*~*~tactically~*~*~ (stealth).
  1928 | D:2      | 1928 ||| Stepping ~*~*~tactically~*~*~ (stealth).
  1929 | D:2      | 1929 ||| Stepping ~*~*~tactically~*~*~ (stealth).
  1930 | D:2      | 1930 ||| Stepping ~*~*~tactically~*~*~ (stealth).
  2189 | D:2      | 2189 ||| READING scroll labelled NIABBONOEM.
  2248 | D:2      | 2248 ||| READING 2 scrolls labelled WUOHAPT POAGH.
  2249 | D:2      | 2249 ||| READING scroll labelled TIOGOQ SU XIRGH.
  2249 | D:2      | Identified a scroll of acquirement
  2249 | D:2      | 2249 ||| ACQUIRING 1045 gold pieces
  2249 | D:2      | Acquired 1045 gold pieces
  2251 | D:2      | 2251 ||| DROPPING scroll of amnesia.
  2264 | D:3      | 2264 ||| STAIRDANCE
  2274 | D:3      | 2274 ||| STAIRDANCE
  2368 | D:3      | 2368 ||| DROPPING +0 whip of flaming.
  2529 | D:3      | 2529 ||| Stepping ~*~*~tactically~*~*~ (stealth).
  2531 | D:3      | 2531 ||| Stepping ~*~*~tactically~*~*~ (stealth).
  2568 | D:3      | 2568 ||| Stepping ~*~*~tactically~*~*~ (stealth).
  2569 | D:3      | 2569 ||| Stepping ~*~*~tactically~*~*~ (stealth).
  2576 | D:3      | Reached skill level 5 in Axes
  2810 | D:3      | 2810 ||| READING scroll labelled SELEHO COTOE.
  2811 | D:3      | 2811 ||| READING scroll labelled OGU SOECEONI.
  2812 | D:3      | 2812 ||| READING scroll labelled PUMA CAFOUV.
  2813 | D:3      | 2813 ||| DRINKING 2 fuming grey potions.
  2813 | D:3      | Gained mutation: Your muscles are strong. (Str +4, Int/Dex
                  | -1) [potion of mutation]
  2814 | D:3      | 2814 ||| DRINKING 2 amethyst potions.
  2834 | D:3      | 2834 ||| DRINKING 3 sedimented dark potions.
  2835 | D:3      | 2835 ||| DRINKING 2 fuming brown potions.
  2836 | D:3      | 2836 ||| DRINKING 2 bubbling emerald potions.
  2837 | D:3      | 2837 ||| DROPPING potion of invisibility.
  2882 | D:4      | 2882 ||| Stepping ~*~*~tactically~*~*~ (stealth).
  3045 | D:4      | Found a runed translucent door.
  3046 | D:4      | Noticed Crazy Yiuf
  3105 | D:4      | Found a staircase to the Ecumenical Temple.
  3106 | D:4      | 3106 ||| PLANNING TEMPLE
  3106 | D:4      | 3106 ||| UPGRADING to +0 plate armour.
  3116 | D:4      | 3116 ||| DROPPING +0 scale mail.
  3117 | D:4      | 3117 ||| UPGRADING to +0 cloak.
  3129 | Temple   | Entered the Ecumenical Temple
  3130 | Temple   | 3130 ||| PLANNING D:1-11
  3159 | D:4      | 3159 ||| Stepping ~*~*~tactically~*~*~ (hiding).
  3171 | D:4      | 3171 ||| DRINKING potion of curing.
  3171 | D:4      | 3171 ||| (to cure confusion)
  3175 | D:4      | 3175 ||| Stepping ~*~*~tactically~*~*~ (stealth).
  3199 | D:4      | Reached XP level 6. HP: 32/38 MP: 4/6
  3271 | D:4      | 3271 ||| Stepping ~*~*~tactically~*~*~ (hiding).
  3414 | D:4      | 3414 ||| Stepping ~*~*~tactically~*~*~ (hiding).
  3432 | D:4      | 3432 ||| FLEEEEING.
  3433 | D:4      | 3433 ||| FLEEEEING.
  3434 | D:4      | 3434 ||| FLEEEEING.
  3435 | D:4      | 3435 ||| FLEEEEING.
  3436 | D:4      | 3436 ||| FLEEEEING.
  3437 | D:4      | 3437 ||| FLEEEEING.
  3438 | D:4      | 3438 ||| FLEEEEING.
  3439 | D:4      | 3439 ||| FLEEEEING.
  3440 | D:4      | 3440 ||| FLEEEEING.
  3442 | D:4      | 3442 ||| FLEEEEING.
  3443 | D:4      | 3443 ||| FLEEEEING.
  3444 | D:4      | 3444 ||| FLEEEEING.
  3445 | D:4      | 3445 ||| FLEEEEING.
  3446 | D:4      | 3446 ||| FLEEEEING.
  3447 | D:4      | 3447 ||| FLEEEEING.
  3448 | D:4      | 3448 ||| FLEEEEING.
  3449 | D:4      | 3449 ||| FLEEEEING.
  3450 | D:4      | 3450 ||| FLEEEEING.
  3451 | D:4      | 3451 ||| FLEEEEING.
  3452 | D:4      | 3452 ||| FLEEEEING.
  3454 | D:4      | 3454 ||| FLEEEEING.
  3455 | D:4      | 3455 ||| FLEEEEING.
  3456 | D:4      | 3456 ||| FLEEEEING.
  3457 | D:4      | 3457 ||| FLEEEEING.
  3459 | D:4      | 3459 ||| FLEEEEING.
  3460 | D:4      | 3460 ||| FLEEEEING.
  3814 | D:4      | 3814 ||| READING scroll of acquirement.
  3814 | D:4      | 3814 ||| ACQUIRING +6 crystal plate armour of the Devil's
                  | Advocate {Will+ rCorr Stlth+}
  3814 | D:4      | Acquired the +6 crystal plate armour of the Devil's
                  | Advocate {Will+ rCorr Stlth+}
  3816 | D:4      | 3816 ||| UPGRADING to +6 crystal plate armour of the
                  | Devil's Advocate {Will+ rCorr Stlth+}.
  3826 | D:4      | 3826 ||| DROPPING +0 plate armour.
  4013 | D:4      | 4013 ||| Stepping ~*~*~tactically~*~*~ (stealth).
  4015 | D:4      | 4015 ||| Stepping ~*~*~tactically~*~*~ (hiding).
  4018 | D:4      | 4018 ||| Stepping ~*~*~tactically~*~*~ (hiding).
  4273 | D:4      | 4273 ||| READING scroll labelled KEOGEIDEUNE.
  4316 | D:5      | Entered Level 5 of the Dungeon
  4317 | D:5      | 4317 ||| Stepping ~*~*~tactically~*~*~ (hiding).
  4342 | D:5      | Reached XP level 7. HP: 37/43 MP: 5/7
  4591 | D:5      | Reached skill level 6 in Axes
  4600 | D:5      | Found Cuvuaker's Distillery.
  4641 | D:5      | 4641 ||| BUYING 2 potions of haste (200 gold).
  4641 | D:5      | Bought 2 potions of haste for 200 gold pieces
  4641 | D:5      | 4641 ||| BUYING 2 potions of mutation (160 gold).
  4641 | D:5      | Bought 2 potions of mutation for 160 gold pieces
  4641 | D:5      | 4641 ||| BUYING potion of curing (30 gold).
  4641 | D:5      | Bought a potion of curing for 30 gold pieces
  4641 | D:5      | 4641 ||| BUYING potion of curing (30 gold).
  4641 | D:5      | Bought a potion of curing for 30 gold pieces
  4641 | D:5      | 4641 ||| BUYING potion of curing (30 gold).
  4641 | D:5      | Bought a potion of curing for 30 gold pieces
  4641 | D:5      | 4641 ||| BUYING potion of haste (100 gold).
  4641 | D:5      | Bought a potion of haste for 100 gold pieces
  4641 | D:5      | 4641 ||| BUYING potion of heal wounds (50 gold).
  4641 | D:5      | Bought a potion of heal wounds for 50 gold pieces
  4641 | D:5      | 4641 ||| BUYING potion of mutation (80 gold).
  4641 | D:5      | Bought a potion of mutation for 80 gold pieces
  4708 | D:5      | Noticed Pikel
  4723 | D:5      | Killed Pikel
  4724 | D:5      | Reached skill level 8 in Axes
  4724 | D:5      | Reached XP level 8. HP: 35/48 MP: 6/8
  4888 | D:5      | 4888 ||| READING scroll of enchant weapon.
  4888 | D:5      | 4888 ||| ENCHANTING +1 war axe.
  5009 | D:5      | 5009 ||| READING scroll labelled DOEXTINTIYSS.
  5013 | D:5      | 5013 ||| DRINKING 3 clear potions.
  5014 | D:5      | 5014 ||| DRINKING 2 smoky purple potions.
  5015 | D:5      | 5015 ||| READING 2 scrolls of identify.
  5015 | D:5      | 5015 ||| IDENTIFYING green potion
  5016 | D:5      | 5016 ||| DROPPING potion of magic.
  5017 | D:5      | 5017 ||| DROPPING potion of degeneration.
  5082 | D:6      | 5082 ||| Stepping ~*~*~tactically~*~*~ (stealth).
  5156 | D:6      | Noticed Grinder
  5157 | D:6      | 5157 ||| Stepping ~*~*~tactically~*~*~ (hiding).
  5158 | D:6      | 5158 ||| Stepping ~*~*~tactically~*~*~ (hiding).
  5159 | D:6      | 5159 ||| Stepping ~*~*~tactically~*~*~ (hiding).
  5162 | D:6      | Paralysed by Grinder for 3 turns
  5169 | D:6      | Reached skill level 6 in Armour
  5170 | D:6      | Paralysed by Grinder for 4 turns
  5199 | D:6      | Killed Grinder
  5491 | D:6      | Reached XP level 9. HP: 54/54 MP: 9/9
  5732 | D:6      | Reached skill level 6 in Fighting
  6110 | D:6      | Identified the +4 robe of the Old World {+Inv rPois Int-4
                  | Archmagi}
  6170 | D:6      | 6170 ||| READING scroll labelled QUKATO ACRAKIXTU.
  6171 | D:6      | 6171 ||| DRINKING 2 sapphire potions.
  6172 | D:6      | 6172 ||| READING 2 scrolls of identify.
  6172 | D:6      | 6172 ||| IDENTIFYING purple potion
  6173 | D:6      | 6173 ||| DROPPING potion of ambrosia.
  6254 | D:7      | HP: 13/56 [something (7)]
  6255 | D:7      | Reached skill level 1 in Dodging
  6255 | D:7      | 6255 ||| READING 2 scrolls of teleportation.
  6256 | D:7      | 6256 ||| DRINKING potion of heal wounds.
  6470 | D:7      | Noticed a two-headed ogre
  6484 | D:7      | Killed a two-headed ogre
  6485 | D:7      | Reached skill level 9 in Axes
  6555 | D:7      | Found an iron altar of Okawaru.
  6556 | D:7      | 6556 ||| PLANNING OKAWARU WORSHIP
  6566 | D:7      | Became a worshipper of Warmaster Okawaru
  6567 | D:7      | 6567 ||| PLANNING D:1-11
  6567 | D:7      | 6567 ||| REMOVING amulet of guardian spirit.
  6661 | D:7      | Reached skill level 1 in Throwing
  6669 | D:7      | 6669 ||| Stepping ~*~*~tactically~*~*~ (stealth).
  6741 | D:7      | Found a white marble altar of Elyvilon.
  6965 | D:7      | Reached XP level 10. HP: 61/61 MP: 10/10
  7190 | D:7      | Reached * piety under Okawaru
  7506 | D:7      | 7506 ||| DROPPING amulet of guardian spirit.
  7507 | D:7      | 7507 ||| UPGRADING to amulet of the acrobat.
  7539 | D:8      | 7539 ||| INVOKING Heroism.
  7543 | D:8      | 7543 ||| Stepping ~*~*~tactically~*~*~ (cloud).
  7545 | D:8      | 7545 ||| Stepping ~*~*~tactically~*~*~ (cloud).
  7546 | D:8      | 7546 ||| Stepping randomly (cloudy).
  7551 | D:8      | 7551 ||| INVOKING Heroism.
  7555 | D:8      | Noticed a two-headed ogre
  7556 | D:8      | Reached skill level 1 in Invocations
  7560 | D:8      | Killed a two-headed ogre
  7561 | D:8      | Reached skill level 10 in Axes
  7561 | D:8      | Reached skill level 3 in Invocations
  7930 | D:8      | Identified the +12 rapier of the Fool {elec, rF- rC+ Int+3}
  7937 | D:8      | 7937 ||| Stepping ~*~*~tactically~*~*~ (stealth).
  7940 | D:8      | 7940 ||| Stepping ~*~*~tactically~*~*~ (stealth).
  7942 | D:8      | 7942 ||| Stepping ~*~*~tactically~*~*~ (stealth).
  7944 | D:8      | 7944 ||| Stepping ~*~*~tactically~*~*~ (stealth).
  7949 | D:8      | 7949 ||| INVOKING Heroism.
  7958 | D:8      | Reached ** piety under Okawaru
  7965 | D:8      | Reached skill level 9 in Armour
  8109 | D:8      | Found Uriff's Antique Weapon Shoppe.
  8262 | D:8      | 8262 ||| INVOKING Heroism.
  8637 | D:8      | 8637 ||| READING 2 scrolls labelled BIOCRONGYESS.
  8638 | D:8      | 8638 ||| READING scroll of brand weapon.
  8638 | D:8      | 8638 ||| BRANDING +2 war axe of chaos.
  8639 | D:8      | 8639 ||| READING scroll labelled MAR HYEFEOLI.
  8640 | D:8      | 8640 ||| READING scroll labelled DACHUNTYCK.
  8741 | D:8      | 8741 ||| READING scroll labelled JINWAN HISIJO.
  8758 | D:9      | Noticed an orange demon
  8759 | D:9      | 8759 ||| INVOKING Heroism.
  8769 | D:9      | Killed an orange demon
  8808 | D:9      | 8808 ||| Stepping ~*~*~tactically~*~*~ (hiding).
  8813 | D:9      | 8813 ||| INVOKING Heroism.
  8814 | D:9      | 8814 ||| Stepping randomly (cloudy).
  8886 | D:9      | 8886 ||| Stepping ~*~*~tactically~*~*~ (hiding).
  8887 | D:9      | 8887 ||| Stepping ~*~*~tactically~*~*~ (hiding).
  8888 | D:9      | 8888 ||| Stepping ~*~*~tactically~*~*~ (hiding).
  8894 | D:9      | 8894 ||| FLEEEEING.
  8895 | D:9      | 8895 ||| FLEEEEING.
  8896 | D:9      | 8896 ||| FLEEEEING.
  8897 | D:9      | 8897 ||| FLEEEEING.
  8898 | D:9      | 8898 ||| FLEEEEING.
  8915 | D:9      | Noticed Erolcha
  8916 | D:9      | 8916 ||| FLEEEEING.
  8920 | D:9      | 8920 ||| Stepping ~*~*~tactically~*~*~ (hiding).
  8921 | D:9      | 8921 ||| Stepping ~*~*~tactically~*~*~ (hiding).
  8922 | D:9      | 8922 ||| Stepping ~*~*~tactically~*~*~ (hiding).
  8923 | D:9      | 8923 ||| Stepping ~*~*~tactically~*~*~ (hiding).
  8924 | D:9      | 8924 ||| Stepping ~*~*~tactically~*~*~ (stealth).
  8925 | D:9      | 8925 ||| INVOKING Heroism.
  8932 | D:9      | Killed Erolcha
  8933 | D:9      | Reached XP level 11. HP: 64/68 MP: 11/14
  8933 | D:9      | 8933 ||| Stepping ~*~*~tactically~*~*~ (stealth).
  8998 | D:9      | 8998 ||| INVOKING Heroism.
  8999 | D:9      | 8999 ||| Stepping ~*~*~tactically~*~*~ (stealth).
  9000 | D:9      | 9000 ||| Stepping ~*~*~tactically~*~*~ (stealth).
  9006 | D:9      | Reached *** piety under Okawaru
  9010 | D:9      | Reached skill level 11 in Axes
  9036 | D:9      | 9036 ||| INVOKING Heroism.
  9050 | D:9      | Noticed Amaemon
  9051 | D:9      | 9051 ||| FLEEEEING.
  9052 | D:9      | 9052 ||| FLEEEEING.
  9054 | D:9      | 9054 ||| FLEEEEING.
  9055 | D:9      | 9055 ||| FLEEEEING.
  9056 | D:9      | 9056 ||| FLEEEEING.
  9057 | D:9      | 9057 ||| INVOKING Heroism.
  9070 | D:9      | Killed Amaemon
  9070 | D:9      | Received a gift from Okawaru
  9071 | D:9      | Reached skill level 9 in Fighting
  9082 | D:9      | 9082 ||| FLEEEEING.
  9083 | D:9      | 9083 ||| FLEEEEING.
  9084 | D:9      | 9084 ||| FLEEEEING.
  9085 | D:9      | 9085 ||| FLEEEEING.
  9086 | D:9      | 9086 ||| FLEEEEING.
  9087 | D:9      | 9087 ||| FLEEEEING.
  9088 | D:9      | 9088 ||| FLEEEEING.
  9094 | D:9      | 9094 ||| FLEEEEING.
  9095 | D:9      | 9095 ||| FLEEEEING.
  9097 | D:9      | 9097 ||| FLEEEEING.
  9098 | D:9      | 9098 ||| FLEEEEING.
  9099 | D:9      | 9099 ||| FLEEEEING.
  9100 | D:9      | 9100 ||| FLEEEEING.
  9106 | D:9      | 9106 ||| FLEEEEING.
  9107 | D:9      | 9107 ||| FLEEEEING.
  9108 | D:9      | 9108 ||| FLEEEEING.
  9109 | D:9      | 9109 ||| FLEEEEING.
  9111 | D:9      | 9111 ||| STAIRDANCE
  9256 | D:9      | 9256 ||| Stepping ~*~*~tactically~*~*~ (hiding).
  9257 | D:9      | 9257 ||| Stepping ~*~*~tactically~*~*~ (hiding).
  9373 | D:9      | 9373 ||| Stepping ~*~*~tactically~*~*~ (stealth).
  9396 | D:9      | 9396 ||| Stepping ~*~*~tactically~*~*~ (stealth).
  9400 | D:9      | 9400 ||| INVOKING Heroism.
  9411 | D:9      | Reached **** piety under Okawaru
  9443 | D:9      | Found a stormy altar of Qazlal.
  9445 | D:9      | Found a radiant altar of Vehumet.
  9452 | D:9      | Found a sparkling altar of Nemelex Xobeh.
  9453 | D:9      | Found a broken altar of Ashenzari.
  9455 | D:9      | Found a blossoming altar of Fedhas.
  9456 | D:9      | Found a shimmering blue altar of Sif Muna.
  9470 | D:9      | Found a glowing silver altar of Zin.
  9471 | D:9      | Found an opulent altar of Gozag.
  9518 | D:9      | 9518 ||| DROPPING +0 flail.
  9527 | D:9      | Found a staircase to the Lair.
  9676 | D:9      | 9676 ||| PLANNING LAIR
  9676 | D:9      | 9676 ||| READING 2 scrolls of identify.
  9676 | D:9      | 9676 ||| IDENTIFYING dark potion
  9677 | D:9      | 9677 ||| DROPPING potion of berserk rage.
  9722 | Lair:1   | Entered Level 1 of the Lair of Beasts
  9802 | Lair:1   | 9802 ||| INVOKING Heroism.
  9820 | Lair:1   | 9820 ||| INVOKING Heroism.
  9894 | Lair:1   | 9894 ||| Stepping ~*~*~tactically~*~*~ (stealth).
  9896 | Lair:1   | 9896 ||| Stepping ~*~*~tactically~*~*~ (stealth).
  9901 | Lair:1   | Received a gift from Okawaru
 10163 | Lair:1   | 10163 ||| INVOKING Heroism.
 10166 | Lair:1   | Reached skill level 3 in Throwing
 10185 | Lair:1   | 10185 ||| INVOKING Heroism.
 10189 | Lair:1   | Reached skill level 6 in Invocations
 10243 | Lair:1   | 10243 ||| INVOKING Heroism.
 10339 | Lair:1   | Reached XP level 12. HP: 68/76 MP: 16/16
 10795 | Lair:1   | 10795 ||| UPGRADING to +1 pair of gloves.
 10800 | Lair:1   | 10800 ||| UPGRADING to ring of see invisible.
 10801 | Lair:1   | 10801 ||| DRINKING 3 fuming clear potions.
 10802 | Lair:1   | 10802 ||| READING 2 scrolls of identify.
 10802 | Lair:1   | 10802 ||| IDENTIFYING bubbling green potion
 10803 | Lair:1   | 10803 ||| DROPPING 2 potions of flight.
 10825 | Lair:2   | 10825 ||| Stepping ~*~*~tactically~*~*~ (stealth).
 10873 | Lair:2   | 10873 ||| INVOKING Heroism.
 10885 | Lair:2   | Reached ***** piety under Okawaru
 11025 | Lair:2   | 11025 ||| INVOKING Heroism.
 11028 | Lair:2   | 11028 ||| Stepping ~*~*~tactically~*~*~ (stealth).
 11030 | Lair:2   | 11030 ||| Stepping ~*~*~tactically~*~*~ (stealth).
 11031 | Lair:2   | 11031 ||| Stepping ~*~*~tactically~*~*~ (hiding).
 11039 | Lair:2   | 11039 ||| INVOKING Heroism.
 11182 | Lair:2   | Reached skill level 12 in Axes
 11231 | Lair:2   | 11231 ||| Stepping ~*~*~tactically~*~*~ (hiding).
 11332 | Lair:2   | 11332 ||| INVOKING Heroism.
 11421 | Lair:2   | 11421 ||| INVOKING Heroism.
 11664 | Lair:2   | 11664 ||| INVOKING Heroism.
 11680 | Lair:2   | Found a staircase to the Snake Pit.
 11797 | Lair:2   | 11797 ||| INVOKING Heroism.
 11856 | Lair:2   | Noticed a boulder beetle
 11857 | Lair:2   | 11857 ||| INVOKING Heroism.
 11858 | Lair:2   | 11858 ||| INVOKING Finesse.
 11872 | Lair:2   | Killed a boulder beetle
 11947 | Lair:2   | 11947 ||| INVOKING Heroism.
 11950 | Lair:2   | Reached skill level 9 in Invocations
 12123 | Lair:2   | 12123 ||| UPGRADING to ring of protection from cold.
 12237 | Lair:3   | Noticed a four-headed hydra
 12238 | Lair:3   | 12238 ||| INVOKING Heroism.
 12239 | Lair:3   | 12239 ||| INVOKING Finesse.
 12241 | Lair:3   | 12241 ||| SWAPPING to -2 demon whip of venom.
 12244 | Lair:3   | Killed a four-headed hydra
 12245 | Lair:3   | 12245 ||| SWAPPING to +2 war axe of freezing.
 12260 | Lair:3   | Noticed an eight-headed hydra
 12267 | Lair:3   | Killed an eight-headed hydra
 12268 | Lair:3   | Reached skill level 6 in Shields
 12297 | Lair:3   | 12297 ||| INVOKING Heroism.
 12317 | Lair:3   | Found a transporter.
 12448 | Lair:3   | Found a staircase to the Swamp.
 12545 | Lair:3   | 12545 ||| Stepping ~*~*~tactically~*~*~ (hiding).
 12653 | Lair:3   | Found a transporter.
 12667 | Lair:3   | 12667 ||| Stepping ~*~*~tactically~*~*~ (stealth).
 12669 | Lair:3   | 12669 ||| Stepping ~*~*~tactically~*~*~ (stealth).
 12915 | Lair:3   | Reached XP level 13. HP: 71/82 MP: 20/20
 13013 | Lair:3   | 13013 ||| Stepping ~*~*~tactically~*~*~ (stealth).
 13015 | Lair:3   | 13015 ||| INVOKING Heroism.
 13028 | Lair:3   | Received a gift from Okawaru
 13031 | Lair:3   | 13031 ||| SWAPPING to +2 broad axe of venom.
 13032 | Lair:3   | 13032 ||| DROPPING +2 war axe of freezing.
 13120 | Lair:3   | 13120 ||| Stepping ~*~*~tactically~*~*~ (stealth).
 13122 | Lair:3   | 13122 ||| INVOKING Heroism.
 13383 | Lair:3   | 13383 ||| READING 3 scrolls labelled QEL LYDEECUCOM.
 13384 | Lair:3   | 13384 ||| DROPPING 2 scrolls of fog.
 13412 | Lair:4   | Found a sparkling altar of Nemelex Xobeh.
 13413 | Lair:4   | 13413 ||| INVOKING Heroism.
 13414 | Lair:4   | 13414 ||| Stepping ~*~*~tactically~*~*~ (stealth).
 13438 | Lair:4   | Found a staircase to the Slime Pits.
 13438 | Lair:4   | You fall into a shaft and drop 1 floor!
 13438 | Lair:5   | Entered Level 5 of the Lair of Beasts
 13511 | Lair:5   | 13511 ||| Stepping ~*~*~tactically~*~*~ (hiding).
 13512 | Lair:5   | 13512 ||| Stepping ~*~*~tactically~*~*~ (stealth).
 13514 | Lair:5   | 13514 ||| INVOKING Heroism.
 13528 | Lair:5   | HP: 15/82 [tyrant leech (11)]
 13529 | Lair:5   | 13529 ||| READING 8 scrolls of teleportation.
 13530 | Lair:5   | 13530 ||| DRINKING 3 potions of heal wounds.
 13533 | Lair:5   | 13533 ||| SWAPPING to -2 demon whip of venom.
 13534 | Lair:5   | 13534 ||| INVOKING Finesse.
 13541 | Lair:5   | HP: 19/82 [seven-headed hydra (2)]
 13541 | Lair:5   | HP: 7/82 [seven-headed hydra (6)]
 13542 | Lair:5   | 13542 ||| READING 7 scrolls of teleportation.
 13542 | Lair:5   | Slain by a seven-headed hydra

Levels and vault maps discovered:
D:1:      amcnicky_arrival_wind_blow, layout_loops_ring,
          hellmonk_ecumenical_altar_heavens_door
D:2:      minmay_skewed_foursquare, layout_basic, serial_shops, shop_fountains,
          minmay_joined_circles, uniq_jessica
D:3:      layout_rooms, kennysheep_generic_room_16
D:4:      layout_loops_ring, minmay_temple_entry_wispy,
          minmay_misc_feat_more_columns, uniq_crazy_yiuf_cottage
D:5:      layout_cave_pools, serial_shops, shop, corner_web_ring, uniq_pikel
D:6:      layout_loops_corners, hex_tiny, minmay_fountain_box, uniq_grinder
D:7:      layout_cave_pods, mainiacjoe_overflow_concentric_impassable,
          mainiacjoe_overflow_six_doors_small, minmay_manual_macuahuitl
D:8:      layout_cave_pods, serial_shops, shop
D:9:      minmay_flawed_box, layout_rooms, nicolae_overflow_hallway_of_the_gods,
          minmay_lair_entry_grove, uniq_amaemon, uniq_erolcha
Temple:   nicolae_temple_no_exploring_needed
Lair:1:   layout_gridlike, bh_autumn_forest_stairs
Lair:2:   layout_cave_shapes, guppyfry_snake_entry_island, grunt_megastairs_2
Lair:3:   gammafunk_cloud_chamber, layout_loops_ring, swamp_mist_pool,
          nicolae_volcano_entry_two_sided, cheibrodos_lair_lostbears
Lair:4:   layout_regular_city, minmay_slime_entry_pillars, basic_altar,
          columned_hall_lemuel, beast_lair_carwin_10, serial_bayou_shore_a
Lair:5:   guppyfry_lair_end_dragon, layout_regular_city, wormcave,
          evilmike_ambush [evilmike_ambush_outer_corners,
          evilmike_ambush_inner_basic]

Skill      XL: |  1  2  3  4  5  6  7  8  9 10 11 12 |
---------------+-------------------------------------+-----
Axes           | 2 3 4 5 8 9 10 11 12 | 12.8
Fighting       | 4 5 6 8 9 10 | 10.0
Armour         | 4 5 7 8 9 10 11 | 11.0
Dodging        | 1 |  1.4
Throwing       | 1 3 4 |  4.8
Shields        | 4 5 6 |  6.0
Invocations    | 4 6 10 | 10.0

Action                   |  1- 3 |  4- 6 |  7- 9 | 10-12 | 13-15 || total
-------------------------+-------+-------+-------+-------+-------++-------
Melee: War axe           |    77 |   234 |   171 |   456 |    11 ||   949
       Unarmed           |       |       |     6 |       |       ||     6
       Demon whip        |       |       |       |     1 |     7 ||     8
       Broad axe         |       |       |       |       |    55 ||    55
Throw: Boomerang         |       |       |    13 |    73 |    10 ||    96
       Javelin           |       |       |       |    45 |     3 ||    48
Invok: Heroism           |       |       |       |    27 |     4 ||    31
       Finesse           |       |       |       |     2 |     1 ||     3
  Use: Scroll            |     2 |     8 |     6 |     7 |     3 ||    26
       Potion            |       |     6 |     4 |     1 |     1 ||    12
 Stab: Invisible         |       |     1 |       |       |       ||     1
Armor: Scale mail        |    35 |    81 |       |       |       ||   116
       Plate armour      |       |    60 |       |       |       ||    60
       Crystal plate arm |       |    20 |   170 |   308 |    56 ||   554
       Skin              |       |       |     5 |       |       ||     5
Dodge: Dodged            |    34 |    81 |    72 |   157 |    35 ||   379
Block: Buckler           |    11 |    36 |    31 |   110 |    18 ||   206

Table legend:
 A = Non-vault XP
 B = Vault XP
 C = Vault XP percentage of total XP
 D = Non-vault monster count
 E = Vault monster count
 F = Vault count percentage of total count
                 A         B        C        D         E       F
            +---------+---------+-------+---------+---------+-------
      Total |   27855 |    9070 |  24.6 |     229 |      56 |  19.6
            +---------+---------+-------+---------+---------+-------
        D:1 |      45 |       0 |   0.0 |      22 |       0 |   0.0
        D:2 |      58 |      83 |  58.9 |      14 |      14 |  50.0
        D:3 |      37 |       7 |  15.9 |      13 |       4 |  23.5
        D:4 |     265 |       0 |   0.0 |      20 |       0 |   0.0
        D:5 |     488 |     651 |  57.2 |      11 |       1 |   8.3
        D:6 |     925 |     244 |  20.9 |      15 |       1 |   6.2
        D:7 |    1827 |     320 |  14.9 |      17 |       4 |  19.0
        D:8 |    2659 |       0 |   0.0 |      17 |       0 |   0.0
        D:9 |    2197 |    4250 |  65.9 |      26 |      20 |  43.5
     Lair:1 |    4787 |       0 |   0.0 |      22 |       0 |   0.0
     Lair:2 |    7020 |     747 |   9.6 |      25 |       3 |  10.7
     Lair:3 |    6755 |     857 |  11.3 |      24 |       3 |  11.1
     Lair:4 |     792 |     279 |  26.1 |       3 |       2 |  40.0
     Lair:5 |       0 |    1632 | 100.0 |       0 |       4 | 100.0
            +---------+---------+-------+---------+---------+-------
